General information
- name: BNet
- type: Ladder team game (AT/RT)
- host: Battle.net
- saver: c_h_e_a_t_o_w_n
map: Highperch
- players: 6
- length: 43:21
- speed: Fast
- version: 1.24 W3XP
- replay type: Public
» download(241 KB)
Players
team 1 (winner)
c_h_e_a_t_o_w_n (
purple | 51 APM | 2232 actions | 43:21)
9 Blood Mage
3 Flame Strike
3 Siphon Mana
1 Summon Phoenix
2 Banish
» actions
| Assign group hotkey | 11 | |
| Basic commands | 31 | |
| Build / train | 120 | |
| ESC pressed | 2 | |
| Enter build submenu | 68 | |
| Enter hero's abilities submenu | 9 | |
| Give item / drop item | 2 | |
| Right click | 915 | |
| Select / deselect | 339 | |
| Select group hotkey | 484 | |
| Use ability | 251 | |
2232 total
» units
| Peasant | 16 | |
| Sorceress | 3 | |
| Mortar Team | 6 | |
| Priest | 1 | |
26 total
» upgrades
| Masonry | 3 | |
| Lumber Harvesting | 2 | |
| Sorceress Training | 2 | |
| Magic Sentry | 1 | |
| Fragmentation Shards | 1 | |
| Gunpowder | 3 | |
| Cloud | 1 | |
| Storm Hammers | 1 | |
| Flare | 1 | |
| Armor | 2 | |
| Barrage | 1 | |
| Flak Cannons | 1 | |
| Swords | 1 | |
| Plating | 1 | |
| Priest Training | 2 | |
23 total
» buildings
| Lumber Mill | 1 | |
| Scout Tower | 76 | |
| Arcane Tower | 5 | |
| Farm | 9 | |
| Guard Tower | 30 | |
| Altar of Kings | 1 | |
| Keep | 1 | |
| Town Hall | 1 | |
| Castle | 1 | |
| Arcane Sanctum | 1 | |
| Blacksmith | 1 | |
| Arcane Vault | 2 | |
| Gryphon Aviary | 5 | |
| Workshop | 4 | |
| Cannon Tower | 1 | |
139 total
» build order
00:21 Lumber Mill
00:40 Scout Tower
00:42 Scout Tower
00:45 Scout Tower
00:46 Scout Tower
01:08 Arcane Tower
01:11 Scout Tower
01:13 Arcane Tower
01:15 Scout Tower
01:27 Farm
01:30 Guard Tower
01:32 Guard Tower
01:38 Scout Tower
01:49 Scout Tower
01:55 Farm
01:59 Farm
02:08 Altar of Kings
02:21 Guard Tower
02:28 Guard Tower
02:32 Scout Tower
02:34 Scout Tower
02:37 Guard Tower
02:40 Scout Tower
02:41 Scout Tower
02:57 Farm
03:01 Guard Tower
03:03 Guard Tower
03:04 Scout Tower
03:05 Scout Tower
03:06 Scout Tower
03:07 Scout Tower
03:10 Guard Tower
03:12 Scout Tower
03:12 Scout Tower
03:16 Scout Tower
03:17 Scout Tower
03:19 Scout Tower
03:43 Guard Tower
03:44 Guard Tower
03:48 Guard Tower
04:10 Guard Tower
04:13 Scout Tower
04:14 Scout Tower
04:16 Scout Tower
04:16 Scout Tower
04:19 Guard Tower
04:25 Keep
04:29 Scout Tower
04:29 Scout Tower
04:33 Scout Tower
04:35 Scout Tower
04:37 Scout Tower
04:38 Scout Tower
05:26 Guard Tower
05:28 Scout Tower
05:29 Scout Tower
05:33 Scout Tower
05:34 Scout Tower
05:35 Scout Tower
05:46 Guard Tower
05:49 Scout Tower
05:49 Scout Tower
05:58 Guard Tower
06:34 Guard Tower
06:36 Farm
06:46 Guard Tower
06:53 Town Hall
06:54 Castle
06:57 Guard Tower
06:58 Scout Tower
06:59 Scout Tower
07:01 Scout Tower
07:01 Scout Tower
07:05 Scout Tower
07:07 Scout Tower
07:28 Arcane Sanctum
07:30 Farm
08:23 Guard Tower
08:25 Blacksmith
08:26 Arcane Vault
08:31 Scout Tower
08:32 Scout Tower
08:41 Guard Tower
09:04 Guard Tower
09:06 Scout Tower
09:07 Scout Tower
09:10 Scout Tower
09:11 Scout Tower
09:14 Scout Tower
09:15 Scout Tower
09:16 Scout Tower
09:17 Scout Tower
09:17 Scout Tower
10:05 Gryphon Aviary
10:08 Workshop
10:11 Guard Tower
10:13 Workshop
11:14 Guard Tower
11:37 Gryphon Aviary
11:40 Gryphon Aviary
11:41 Farm
11:43 Arcane Vault
13:02 Farm
13:02 Farm
13:49 Scout Tower
13:49 Scout Tower
14:31 Gryphon Aviary
14:34 Scout Tower
14:35 Scout Tower
14:35 Scout Tower
14:36 Scout Tower
14:37 Scout Tower
14:38 Scout Tower
14:38 Scout Tower
14:45 Arcane Tower
15:36 Arcane Tower
16:26 Guard Tower
17:22 Scout Tower
17:23 Scout Tower
17:25 Scout Tower
17:26 Scout Tower
17:48 Guard Tower
17:49 Guard Tower
17:53 Scout Tower
17:54 Scout Tower
18:27 Guard Tower
19:28 Guard Tower
19:30 Scout Tower
19:30 Scout Tower
19:31 Scout Tower
19:31 Scout Tower
19:31 Scout Tower
19:32 Scout Tower
19:38 Workshop
19:41 Gryphon Aviary
19:43 Workshop
20:12 Cannon Tower
23:28 Arcane Tower
24:38 Guard Tower
» items
| Boots of Speed | 1 | |
| Staff of Teleportation | 1 | |
| Lesser Clarity Potion | 5 | |
| Healing Salve | 3 | |
| Potion of Invisibility | 1 | |
| Orb of Lightning | 1 | |
| Ivory Tower | 8 | |
| Scroll of Town Portal | 1 | |
| Scroll of Speed | 1 | |
| Tiny Great Hall | 1 | |
23 total
MCA (
yellow | 57 APM | 2472 actions | 43:15)
6 Blademaster
2 Wind Walk
3 Critical Strike
1 Bladestorm
» actions
| Assign group hotkey | 44 | |
| Basic commands | 38 | |
| Build / train | 72 | |
| Enter build submenu | 23 | |
| Enter hero's abilities submenu | 6 | |
| Give item / drop item | 12 | |
| Right click | 1369 | |
| Select / deselect | 351 | |
| Select group hotkey | 268 | |
| Use ability | 288 | |
2472 total
» units
| Peon | 11 | |
| Troll Batrider | 20 | |
| Troll Witch Doctor | 3 | |
| Shaman | 2 | |
36 total
» upgrades
| Ranged Weapons | 3 | |
| Liquid Fire | 1 | |
| Armor | 4 | |
| Witch Doctor Training | 2 | |
| Shaman Training | 2 | |
12 total
» buildings
| Altar of Storms | 1 | |
| Orc Burrow | 10 | |
| Stronghold | 1 | |
| War Mill | 1 | |
| Voodoo Lounge | 3 | |
| Fortress | 1 | |
| Beastiary | 3 | |
| Spirit Lodge | 1 | |
21 total
» build order
00:04 Altar of Storms
00:09 Orc Burrow
03:55 Stronghold
04:25 Orc Burrow
04:32 War Mill
04:57 Voodoo Lounge
04:58 Voodoo Lounge
05:00 Orc Burrow
06:44 Fortress
06:44 Beastiary
06:47 Orc Burrow
07:28 Beastiary
07:29 Beastiary
09:01 Voodoo Lounge
10:58 Spirit Lodge
14:45 Orc Burrow
14:48 Orc Burrow
14:52 Orc Burrow
14:58 Orc Burrow
14:59 Orc Burrow
16:02 Orc Burrow
» items
| Healing Salve | 2 | |
| Lesser Clarity Potion | 8 | |
| Staff of Teleportation | 1 | |
| Boots of Speed | 1 | |
| Dust of Appearance | 1 | |
| Orb of Lightning | 1 | |
| Scroll of Town Portal | 1 | |
15 total
sadmadbad (
orange | 36 APM | 1550 actions | 43:15)
7 Blademaster
3 Wind Walk
3 Critical Strike
1 Bladestorm
» actions
| Assign group hotkey | 5 | |
| Basic commands | 14 | |
| Build / train | 60 | |
| ESC pressed | 1 | |
| Enter build submenu | 18 | |
| Enter hero's abilities submenu | 7 | |
| Give item / drop item | 10 | |
| Right click | 914 | |
| Select / deselect | 195 | |
| Select group hotkey | 223 | |
| Use ability | 103 | |
1550 total
» units
» upgrades
| Burning Oil | 1 | |
| Ranged Weapons | 3 | |
| Armor | 3 | |
| Liquid Fire | 1 | |
| Envenomed Spears | 1 | |
9 total
» buildings
| Altar of Storms | 1 | |
| Orc Burrow | 6 | |
| Voodoo Lounge | 1 | |
| Stronghold | 3 | |
| Great Hall | 1 | |
| War Mill | 1 | |
| Fortress | 1 | |
| Barracks | 1 | |
| Beastiary | 2 | |
17 total
» build order
00:10 Altar of Storms
00:15 Orc Burrow
02:30 Orc Burrow
04:51 Voodoo Lounge
05:57 Stronghold
05:57 Stronghold
05:58 Stronghold
06:55 Great Hall
07:03 War Mill
07:14 Orc Burrow
08:36 Fortress
11:14 Barracks
15:27 Beastiary
15:30 Orc Burrow
15:35 Beastiary
15:37 Orc Burrow
17:45 Orc Burrow
» items
| Boots of Speed | 1 | |
| Staff of Teleportation | 1 | |
| Orb of Lightning | 1 | |
| Healing Salve | 4 | |
| Lesser Clarity Potion | 10 | |
| Mechanical Critter | 1 | |
| Scroll of Regeneration | 1 | |
| Scroll of Town Portal | 1 | |
| Potion of Healing | 1 | |
21 total
team 2 (loser)

»
justforshiiits (
blue | 32 APM | 1370 actions | 42:46)
2 Dreadlord
1 Carrion Swarm
1 Vampiric Aura
1 Death Knight
1 Death Coil
» actions
| Assign group hotkey | 19 | |
| Build / train | 115 | |
| Enter build submenu | 31 | |
| Enter hero's abilities submenu | 3 | |
| Remove unit from queue | 7 | |
| Right click | 411 | |
| Select / deselect | 388 | |
| Select group hotkey | 289 | |
| Use ability | 107 | |
1370 total
» units
| Acolyte | 18 | |
| Ghoul | 13 | |
| Necromancer | 21 | |
| Obsidian Statue | 8 | |
| Meatwagon | 4 | |
64 total
» upgrades
| Unholy Strength | 3 | |
| Necromancer Training | 2 | |
| Skeletal Longevity | 1 | |
| Exhume Corpses | 1 | |
| Skeletal Mastery | 1 | |
| Unholy Armor | 2 | |
| Destroyer Form | 1 | |
| Creature Attack | 3 | |
| Creature Carapace | 2 | |
16 total
» buildings
| Crypt | 1 | |
| Ziggurat | 17 | |
| Altar of Darkness | 1 | |
| Tomb of Relics | 2 | |
| Nerubian Tower | 5 | |
| Graveyard | 1 | |
| Halls of the Dead | 1 | |
| Spirit Tower | 9 | |
| Temple of the Damned | 2 | |
| Slaughterhouse | 2 | |
| Necropolis | 1 | |
| Black Citadel | 1 | |
| Sacrificial Pit | 1 | |
44 total
» build order
00:30 Crypt
00:42 Ziggurat
00:49 Altar of Darkness
01:03 Tomb of Relics
01:15 Ziggurat
01:51 Nerubian Tower
02:32 Ziggurat
03:21 Graveyard
03:51 Nerubian Tower
03:53 Nerubian Tower
04:09 Halls of the Dead
04:21 Ziggurat
05:52 Spirit Tower
06:52 Temple of the Damned
07:23 Slaughterhouse
07:28 Temple of the Damned
08:28 Necropolis
11:08 Ziggurat
11:21 Ziggurat
11:38 Ziggurat
11:46 Ziggurat
12:05 Nerubian Tower
12:20 Ziggurat
12:24 Spirit Tower
13:50 Spirit Tower
13:52 Spirit Tower
14:21 Black Citadel
14:30 Spirit Tower
15:09 Ziggurat
15:21 Ziggurat
18:26 Tomb of Relics
18:33 Spirit Tower
18:35 Spirit Tower
23:39 Sacrificial Pit
23:43 Ziggurat
23:44 Ziggurat
24:25 Ziggurat
25:31 Ziggurat
25:41 Ziggurat
25:55 Ziggurat
26:38 Spirit Tower
26:40 Nerubian Tower
27:10 Spirit Tower
32:05 Slaughterhouse
» items
| Rod of Necromancy | 1 | |
| Dust of Appearance | 1 | |
| Potion of Healing | 2 | |
| Orb of Corruption | 2 | |
| Potion of Mana | 1 | |
7 total
LordDemandred (
red | 63 APM | 2717 actions | 43:14)
3 Mountain King
2 Storm Bolt
1 Bash
1 Paladin
1 Holy Light
» actions
| Assign group hotkey | 50 | |
| Basic commands | 67 | |
| Build / train | 127 | |
| Enter build submenu | 68 | |
| Enter hero's abilities submenu | 4 | |
| Give item / drop item | 16 | |
| Right click | 1048 | |
| Select / deselect | 782 | |
| Select group hotkey | 342 | |
| Use ability | 213 | |
2717 total
» units
| Peasant | 15 | |
| Footman | 5 | |
| Mortar Team | 10 | |
| Siege Engine | 10 | |
| Dragonhawk Rider | 12 | |
52 total
» upgrades
| Defend | 1 | |
| Lumber Harvesting | 2 | |
| Magic Sentry | 1 | |
| Flare | 1 | |
| Masonry | 3 | |
| Fragmentation Shards | 1 | |
| Barrage | 1 | |
| Plating | 3 | |
| Cloud | 1 | |
14 total
» buildings
| Barracks | 1 | |
| Altar of Kings | 1 | |
| Farm | 11 | |
| Scout Tower | 39 | |
| Arcane Tower | 2 | |
| Keep | 1 | |
| Arcane Vault | 2 | |
| Lumber Mill | 1 | |
| Blacksmith | 1 | |
| Castle | 1 | |
| Guard Tower | 31 | |
| Arcane Sanctum | 1 | |
| Workshop | 4 | |
| Town Hall | 1 | |
| Gryphon Aviary | 2 | |
99 total
» build order
00:11 Barracks
00:16 Altar of Kings
00:25 Farm
01:05 Farm
01:42 Farm
01:46 Scout Tower
02:15 Arcane Tower
03:10 Keep
03:32 Arcane Vault
04:26 Lumber Mill
04:30 Blacksmith
04:35 Scout Tower
04:41 Scout Tower
04:43 Scout Tower
04:49 Farm
05:13 Arcane Tower
06:28 Castle
06:36 Guard Tower
07:16 Arcane Sanctum
07:19 Scout Tower
07:29 Workshop
07:35 Workshop
07:48 Guard Tower
08:40 Town Hall
08:43 Scout Tower
08:53 Scout Tower
08:55 Scout Tower
09:11 Guard Tower
09:42 Scout Tower
09:47 Scout Tower
09:56 Scout Tower
10:05 Farm
10:10 Farm
10:37 Guard Tower
10:49 Scout Tower
11:29 Guard Tower
11:31 Scout Tower
12:07 Scout Tower
12:17 Guard Tower
12:22 Farm
12:26 Guard Tower
12:32 Scout Tower
12:36 Guard Tower
13:01 Guard Tower
13:04 Scout Tower
13:10 Guard Tower
13:13 Arcane Vault
13:26 Farm
13:34 Guard Tower
14:19 Scout Tower
14:23 Scout Tower
14:50 Guard Tower
15:37 Guard Tower
15:39 Workshop
15:51 Scout Tower
16:31 Guard Tower
17:08 Guard Tower
17:13 Guard Tower
17:21 Farm
17:29 Scout Tower
17:31 Farm
17:57 Guard Tower
17:59 Scout Tower
18:42 Guard Tower
18:44 Scout Tower
19:38 Guard Tower
19:43 Workshop
19:45 Farm
21:31 Scout Tower
22:01 Guard Tower
22:04 Scout Tower
22:34 Guard Tower
22:50 Scout Tower
23:23 Guard Tower
23:35 Scout Tower
23:41 Scout Tower
24:26 Scout Tower
24:27 Guard Tower
24:30 Guard Tower
24:31 Scout Tower
25:02 Guard Tower
25:03 Scout Tower
25:31 Scout Tower
25:32 Scout Tower
25:54 Gryphon Aviary
26:00 Scout Tower
26:01 Scout Tower
26:02 Scout Tower
26:03 Guard Tower
26:37 Guard Tower
26:43 Scout Tower
26:44 Scout Tower
27:09 Guard Tower
28:11 Guard Tower
31:12 Gryphon Aviary
32:39 Scout Tower
32:40 Scout Tower
38:41 Guard Tower
39:34 Guard Tower
» items
| Scroll of Regeneration | 3 | |
| Lesser Clarity Potion | 1 | |
| Dust of Appearance | 1 | |
| Ivory Tower | 5 | |
| Orb of Fire | 1 | |
| Staff of Sanctuary | 1 | |
| Boots of Speed | 1 | |
| Potion of Invisibility | 1 | |
| Staff of Teleportation | 1 | |
| Potion of Mana | 5 | |
20 total
Street-dreams (
pink | 67 APM | 2880 actions | 42:49)
3 Death Knight
2 Death Coil
1 Unholy Aura
2 Dark Ranger
1 Silence
1 Black Arrow
1 Lich
1 Frost Nova
» actions
| Assign group hotkey | 23 | |
| Build / train | 55 | |
| Enter build submenu | 18 | |
| Enter hero's abilities submenu | 6 | |
| Remove unit from queue | 1 | |
| Right click | 1972 | |
| Select / deselect | 449 | |
| Select group hotkey | 249 | |
| Use ability | 107 | |
2880 total
» units
| Acolyte | 11 | |
| Ghoul | 4 | |
| Crypt Fiend | 6 | |
| Frost Wyrm | 7 | |
28 total
» upgrades
| Creature Attack | 1 | |
| Web | 1 | |
| Creature Carapace | 2 | |
| Freezing Breath | 1 | |
5 total
» buildings
| Crypt | 1 | |
| Ziggurat | 7 | |
| Graveyard | 1 | |
| Altar of Darkness | 1 | |
| Tomb of Relics | 1 | |
| Nerubian Tower | 2 | |
| Spirit Tower | 4 | |
| Halls of the Dead | 1 | |
| Sacrificial Pit | 1 | |
| Black Citadel | 1 | |
| Boneyard | 2 | |
22 total
» build order
00:13 Crypt
00:26 Ziggurat
00:44 Graveyard
01:10 Altar of Darkness
01:45 Ziggurat
02:14 Tomb of Relics
02:48 Nerubian Tower
02:55 Ziggurat
03:08 Spirit Tower
04:51 Halls of the Dead
05:33 Spirit Tower
05:54 Ziggurat
07:27 Nerubian Tower
07:30 Ziggurat
07:40 Sacrificial Pit
08:25 Black Citadel
08:28 Spirit Tower
11:14 Boneyard
11:17 Boneyard
14:57 Ziggurat
14:59 Ziggurat
16:30 Spirit Tower
» items
| Rod of Necromancy | 1 | |
| Dust of Appearance | 1 | |
| Sacrificial Skull | 1 | |
| Orb of Corruption | 1 | |
4 total
Chat log
(00:10 / Allies) c_h_e_a_t_o_w_n: th off
(00:28 / Allies) c_h_e_a_t_o_w_n: feed
(02:13 / Allies) c_h_e_a_t_o_w_n: more wood
(02:14 / Allies) c_h_e_a_t_o_w_n: michael
(02:24 / Allies) c_h_e_a_t_o_w_n: give me all 300
(02:32 / Allies) MCA: 300?!~?!??
(02:35 / Allies) MCA: thats an insane amount
(03:17 / Allies) MCA: teh corner
(03:19 / Allies) MCA: harass/steal
(03:29 / Allies) sadmadbad: momma
(03:31 / Allies) MCA: dont be seen
(03:39 / Allies) c_h_e_a_t_o_w_n: ropfl they are bad
(04:06 / All) c_h_e_a_t_o_w_n: raped
(04:19 / Allies) c_h_e_a_t_o_w_n: res
(04:44 / Allies) MCA: micahel
(04:46 / Allies) MCA: anmke a orc shop
(04:46 / Allies) MCA: there
(05:38 / Allies) c_h_e_a_t_o_w_n: ill staff in
(06:04 / Allies) MCA: TWO BLOODY GREAT HANDFULLS
(06:36 / Allies) MCA: they got hteo ther side
(06:49 / Allies) c_h_e_a_t_o_w_n: xpo
(07:10 / Allies) c_h_e_a_t_o_w_n: eghal me
(07:11 / Allies) c_h_e_a_t_o_w_n: ...
(07:23 / Allies) c_h_e_a_t_o_w_n: i need level 3
(07:25 / Allies) c_h_e_a_t_o_w_n: so ic an hit acos
(07:32 / Allies) c_h_e_a_t_o_w_n: also res
(07:54 / Allies) c_h_e_a_t_o_w_n: ...
(07:56 / Allies) MCA: good timing
(08:17 / Allies) c_h_e_a_t_o_w_n: i solo that
(08:19 / Allies) c_h_e_a_t_o_w_n: u guys do the other orange
(08:32 / Allies) c_h_e_a_t_o_w_n: res
(08:33 / Allies) MCA: they are expoing unharassed
(08:55 / Allies) c_h_e_a_t_o_w_n: michael give me 400 wood
(09:37 / Allies) c_h_e_a_t_o_w_n: hunt that shade
(09:50 / Allies) MCA: how
(09:56 / Allies) c_h_e_a_t_o_w_n: use your imagination
(10:02 / Allies) c_h_e_a_t_o_w_n: dust
(10:35 / Allies) MCA: bats arent goign to help unless they ahve air
(10:44 / Allies) c_h_e_a_t_o_w_n: get a couple demos then
(10:51 / Allies) c_h_e_a_t_o_w_n: or some wardmasters
(10:54 / Allies) MCA: would need baracks
(10:58 / Allies) c_h_e_a_t_o_w_n: so mkae one
(11:03 / Allies) MCA: i make one ward shack
(11:06 / Allies) MCA: michael u make one barracks
(11:17 / Allies) MCA: i have dust
(11:19 / Allies) MCA: o
(11:31 / All) c_h_e_a_t_o_w_n: raped
(11:46 / Allies) c_h_e_a_t_o_w_n: wood
(12:06 / All) sadmadbad: touristas go home
(12:28 / Allies) c_h_e_a_t_o_w_n: they arleady massed towers
(12:31 / Allies) c_h_e_a_t_o_w_n: with trusidge
(12:50 / Allies) sadmadbad: ok im making a demo
(12:55 / Allies) MCA: we may have to perch?
(13:28 / Allies) sadmadbad: i can draw them off?
(13:31 / Allies) c_h_e_a_t_o_w_n: lol
(13:36 / Allies) c_h_e_a_t_o_w_n: hunt that shade
(13:42 / Allies) c_h_e_a_t_o_w_n: hunt htis wagon
(14:20 / Allies) c_h_e_a_t_o_w_n: wtf were u focsing
(14:26 / Allies) MCA: my granny
(14:47 / Allies) c_h_e_a_t_o_w_n: get some bloodlusters
(15:08 / Allies) sadmadbad: what am i supposed to get?
(15:17 / Allies) MCA: store up gold
(15:20 / Allies) MCA: get 2 bestiary
(15:27 / Allies) MCA: get enough farms to go up to at least 80
(15:30 / Allies) MCA: but dont go over 50
(15:37 / Allies) MCA: eventually u may make wyverns or bats
(15:38 / Allies) MCA: or something
(15:39 / Allies) MCA: for perch
(15:40 / Allies) MCA: or harass
(15:54 / Allies) c_h_e_a_t_o_w_n: use your bms
(15:59 / Allies) c_h_e_a_t_o_w_n: kill anything weak and alone
(16:05 / Allies) c_h_e_a_t_o_w_n: dont focus a lich with 100 food nex tot it
(16:32 / Allies) c_h_e_a_t_o_w_n: get some bats
(16:34 / Allies) c_h_e_a_t_o_w_n: he has a wyrm
(16:45 / Allies) MCA: io have some bats
(16:46 / Allies) c_h_e_a_t_o_w_n: wood
(17:16 / Allies) c_h_e_a_t_o_w_n: he has shade there
(18:23 / Allies) c_h_e_a_t_o_w_n: hunt that
(18:52 / Allies) c_h_e_a_t_o_w_n: b
(18:56 / Allies) c_h_e_a_t_o_w_n: need th shade
(18:57 / Allies) c_h_e_a_t_o_w_n: frist
(19:20 / Allies) c_h_e_a_t_o_w_n: ..
(19:34 / Allies) c_h_e_a_t_o_w_n: oh well we still wining
(19:42 / Allies) MCA: wat u say
(20:09 / Allies) MCA: micahel research wyvern poison and bat fire
(20:20 / Allies) c_h_e_a_t_o_w_n: get ur troops
(20:21 / Allies) c_h_e_a_t_o_w_n: to right side
(20:28 / Allies) c_h_e_a_t_o_w_n: w00d
(20:29 / Allies) c_h_e_a_t_o_w_n: w00d
(21:12 / All) c_h_e_a_t_o_w_n: uir expos not evne dead yet
(21:29 / All) c_h_e_a_t_o_w_n: how many towers
(21:30 / All) c_h_e_a_t_o_w_n: did you kill?
(22:33 / Allies) MCA: ur catapult never saw action
(24:22 / Allies) sadmadbad: asswhole
(24:31 / Allies) c_h_e_a_t_o_w_n: ?
(24:32 / Allies) c_h_e_a_t_o_w_n: that was all u
(24:36 / Allies) sadmadbad: no
(25:23 / All) c_h_e_a_t_o_w_n: yikes level 1 cil
(25:25 / All) c_h_e_a_t_o_w_n: coil
(25:54 / Allies) c_h_e_a_t_o_w_n: get a luster and a doc or two over here
(26:38 / Allies) c_h_e_a_t_o_w_n: get that shade
(27:00 / Allies) c_h_e_a_t_o_w_n: need a doc
(27:20 / Allies) c_h_e_a_t_o_w_n: need free healing
(29:57 / All) c_h_e_a_t_o_w_n: lol
(30:23 / Allies) c_h_e_a_t_o_w_n: shade to hunt
(30:45 / All) sadmadbad: mines down
(31:41 / All) c_h_e_a_t_o_w_n: u guys give up y et?
(31:43 / Allies) MCA: can you get a priest uot here?
(31:57 / Allies) c_h_e_a_t_o_w_n: ppriests are gay
(31:59 / Allies) c_h_e_a_t_o_w_n: they will chase u
(32:00 / Allies) c_h_e_a_t_o_w_n: across map
(32:04 / Allies) MCA: put on hold positino
(32:04 / Allies) c_h_e_a_t_o_w_n: to put you from 699/700
(32:06 / Allies) c_h_e_a_t_o_w_n: to full health
(32:07 / Allies) MCA: never mopve again
(32:12 / Allies) c_h_e_a_t_o_w_n: doesnt work
(32:15 / Allies) MCA: like a hel tower
(32:17 / Allies) c_h_e_a_t_o_w_n: ill make one anyway tho
(32:20 / Allies) c_h_e_a_t_o_w_n: u have to surround them
(32:22 / Allies) c_h_e_a_t_o_w_n: with buildings
(32:25 / Allies) c_h_e_a_t_o_w_n: fo rthem to heal and stay put
(32:26 / Allies) MCA: the thing is im shit broke
(32:28 / Allies) MCA: and htere are no wells
(33:17 / Allies) sadmadbad: dumb
(33:19 / Allies) c_h_e_a_t_o_w_n: that was a brave charge
(33:20 / Allies) MCA: you can hold shift and hit the hold position button
(33:24 / Allies) sadmadbad: i saw like 10 levels
(33:26 / Allies) MCA: and they will move to a placec then hold position there
(33:39 / All) c_h_e_a_t_o_w_n: lol
(33:42 / All) c_h_e_a_t_o_w_n: "whoops"
(34:07 / Allies) c_h_e_a_t_o_w_n: shti hawks
(34:10 / Allies) c_h_e_a_t_o_w_n: get bats in place
(34:21 / All) c_h_e_a_t_o_w_n: how much gold u guys have
(34:22 / All) c_h_e_a_t_o_w_n: i have 5700
(34:29 / Allies) sadmadbad: 16630
(34:36 / Allies) sadmadbad: 15530
(35:02 / Allies) c_h_e_a_t_o_w_n: if u invis batted all those destro
(35:05 / Allies) c_h_e_a_t_o_w_n: ud have 6
(35:07 / Allies) c_h_e_a_t_o_w_n: and u could bstorm around
(36:09 / Allies) sadmadbad: have we put critters down?
(36:22 / Allies) c_h_e_a_t_o_w_n: this is more fun than a perch woudl be
(37:06 / Allies) c_h_e_a_t_o_w_n: bat those if they are aout and about like that
(38:09 / Allies) MCA: look at how fast i heal
(38:11 / Allies) MCA: with priest and ward
(38:13 / Allies) MCA: this is why i wanted it
(38:20 / Allies) MCA: also u ned to learn to put ur casters on hold
(38:35 / Allies) MCA: god damn
(38:38 / Allies) MCA: micahel is so rich
(38:40 / All) c_h_e_a_t_o_w_n: you guys are slowly losing
(38:45 / Allies) MCA: and here i was thinking i shouldbe careful
(38:48 / Allies) MCA: because we dont have that much
(39:10 / Allies) c_h_e_a_t_o_w_n: \rofl mass shade
(39:14 / Allies) c_h_e_a_t_o_w_n: bat those shits
(39:16 / Allies) c_h_e_a_t_o_w_n: and he quits
(39:17 / Allies) c_h_e_a_t_o_w_n: guaranteed
(39:25 / Allies) MCA: arashicage
(39:28 / Allies) MCA: !!!
(39:34 / Allies) MCA: shouldi do it?
(39:40 / Allies) c_h_e_a_t_o_w_n: ya
(40:28 / All) c_h_e_a_t_o_w_n: browntown
(40:31 / All) c_h_e_a_t_o_w_n: population: 3
(41:21 / All) c_h_e_a_t_o_w_n: nice
(41:23 / All) c_h_e_a_t_o_w_n: 1/50 times
(42:16 / All) c_h_e_a_t_o_w_n: uh oh!
(42:24 / All) c_h_e_a_t_o_w_n: i have 5400 gold
(42:32 / All) sadmadbad: i have 14500 gold
(42:35 / All) MCA: im coming fory ou
(42:49 / All) MCA: my bm is bigger than your tower with blopodlust
(42:51 / All) MCA: how u liek that
(42:58 / All) c_h_e_a_t_o_w_n: good call unsummoning everything over upkeep
(43:08 / All) MCA: boonies
(43:12 / All) LordDemandred: every time i fought you i killed you you are nothing to me your micro sucked only towers and killing his necs